 Dungeon Crawl Stone Soup version 0.19-a0-611-gb5a7e8d (webtiles) character file.

998 shmeve the Skirmisher (level 8, 0/73 HPs)
             Began as a Minotaur Berserker on June 13, 2016.
             Was a Priest of Trog.
             Slain by a centaur (6 damage)
             ... on level 5 of the Dungeon.
             The game lasted 00:07:23 (3567 turns).

shmeve the Skirmisher (Minotaur Berserker)          Turns: 3567, Time: 00:07:23

Health: 0/73       AC: 13    Str: 22    XL:     8   Next: 0%
Magic:  7/7        EV: 10    Int:  4    God:    Trog [***...]
Gold:   153        SH:  0    Dex: 12    Spells: 0 memorised, 7 levels left

rFire  . . .     SeeInvis .     q - +0 war axe
rCold  . . .     Gourm    .     w - +2 chain mail {MR+}
rNeg   . . .     Faith    .     (no shield)
rPois  .         Spirit   .     (helmet restricted)
rElec  .         Dismiss  .     j - +0 cloak
rCorr  .         Reflect  .     (no gloves)
SustAt .         Harm     .     (no boots)
MR     +....                    (no amulet)
Stlth  ..........               (no ring)
                                (no ring)

@: exhausted, slowed, very slow, somewhat resistant to hostile enchantments,
extremely unstealthy
A: retaliatory headbutt, horns 2
a: Berserk, Trog's Hand, Burn Spellbooks, Renounce Religion


You were on level 5 of the Dungeon.
You worshipped Trog.
Trog was most pleased with you.
You were near starving.

You visited 1 branch of the dungeon, and saw 5 of its levels.

You collected 153 gold pieces.

Inventory:

Hand Weapons
 q - a +0 war axe (weapon)
 y - a +0 hunting sling
Missiles
 o - 9 sling bullets
Armour
 j - a +0 cloak (worn)
 w - a +2 chain mail of magic resistance (worn)
Scrolls
 a - a scroll of amnesia {unknown}
 d - 2 scrolls of identify {unknown}
 f - a scroll of immolation {unknown}
 g - 4 scrolls of teleportation {unknown}
 h - 6 scrolls of enchant weapon {unknown}
 k - a scroll of blinking {unknown}
 l - 4 scrolls of remove curse {unknown}
 v - 3 scrolls of fog {unknown}
Potions
 e - 3 potions of degeneration {unknown}
 i - a potion of ambrosia {unknown}
 m - a potion of haste {unknown}
 n - 2 potions of magic {unknown}
 p - a potion of flight {unknown}
 r - 2 potions of resistance {unknown}
 s - a potion of berserk rage {unknown}
 u - a potion of curing {unknown}
 x - a potion of invisibility {unknown}
Comestibles
 b - a meat ration
 c - 5 bread rations
 t - a beef jerky


   Skills:
 * Level 7.2 Fighting
 * Level 7.0 Axes
 + Level 2.0 Slings
 + Level 5.0 Armour
 + Level 4.5 Dodging


You had 7 spell levels left.
You didn't know any spells.

Dungeon Overview and Level Annotations

Branches:
Dungeon (5/15)
 Temple: D:4-7

Altars:
Cheibriados
Hepliaklqana
Qazlal
Sif Muna
Trog
Vehumet


Innate Abilities, Weirdness & Mutations

You reflexively headbutt those who attack you in melee.
You have a pair of horns on your head.


Message History

You furiously retaliate!
You headbutt the centaur. You hit the centaur.
You kill the centaur!
Trog accepts your kill.
Your Axes skill increases to level 7!
Your Slings skill increases to level 2!
You have reached level 8!
You feel agile.
You hit the centaur.
The centaur is heavily wounded.
The centaur barely misses you. The centaur hits you.
* * * LOW HITPOINT WARNING * * *
The centaur barely misses you.
You completely miss the centaur.
The centaur is heavily wounded.
The centaur hits you but does no damage. x2
You closely miss the centaur.
The centaur is heavily wounded.
The centaur hits you but does no damage.
The centaur hits you.
You die...

#.......#.# ##........#
######.### #.# ### #.#
#... #.# ###...### #.#
#.....c.#########.#
#.....)@.((((..##.###
#...#.#######.......####
# # #.......#.........
#.#####.##...#####
..#.###.## #. #.#.# #.#
#. #.#.# #.# #.
#.#.###+## #.
#.#.##...## #.


You could see a centaur.

Vanquished Creatures
  The ghost of tornocean the Poker, a novice HuBe of Trog (D:5)
  A centaur (D:5)
  A scorpion (D:5)
  3 orc priests
  3 orc wizards
  Crazy Yiuf (D:2)
  Natasha (thrice) (D:3)
  Terence (D:3)
  A howler monkey skeleton (D:4)
  7 adders
  5 worms
  3 giant geckos
  16 orcs
  5 bats
  2 giant cockroaches
  7 goblins
  6 hobgoblins
  6 jackals (D:3)
  4 kobolds
  2 ball pythons (D:3)
  A giant gecko skeleton (D:4)
  A giant newt (D:3)
  6 rats
86 creatures vanquished.

Notes
Turn   | Place    | Note
--------------------------------------------------------------
     0 | D:1      | shmeve the Minotaur Berserker began the quest for the Orb.
     0 | D:1      | Reached XP level 1. HP: 19/19 MP: 0/0
   217 | D:1      | You fall through a shaft!
   217 | D:2      | Found a faded altar of an unknown god.
   465 | D:2      | Reached XP level 2. HP: 20/27 MP: 1/1
   788 | D:2      | Noticed Crazy Yiuf
   793 | D:2      | Killed Crazy Yiuf
   793 | D:2      | Reached XP level 3. HP: 23/33 MP: 2/2
  1124 | D:2      | Reached XP level 4. HP: 29/41 MP: 3/3
  1355 | D:2      | Reached ** piety under Trog
  1384 | D:2      | Found a hazy altar of Hepliaklqana.
  1664 | D:3      | Found a radiant altar of Vehumet.
  1744 | D:3      | Noticed Natasha
  1756 | D:3      | Killed Natasha
  1756 | D:3      | Reached XP level 5. HP: 36/47 MP: 4/4
  1803 | D:3      | Found a snail-covered altar of Cheibriados.
  1812 | D:3      | Reached skill level 5 in Fighting
  1833 | D:3      | Noticed Natasha
  1862 | D:3      | Killed Natasha
  1862 | D:3      | Reached skill level 5 in Axes
  1952 | D:3      | Noticed Natasha
  1956 | D:3      | Killed Natasha
  2293 | D:3      | Noticed Terence
  2300 | D:3      | Killed Terence
  2300 | D:3      | Reached *** piety under Trog
  2300 | D:3      | Reached XP level 6. HP: 55/56 MP: 5/5
  2487 | D:4      | Found a stormy altar of Qazlal.
  2602 | D:4      | Found a deep blue altar of Sif Muna.
  2653 | D:4      | Found a bloodstained altar of Trog.
  3304 | D:5      | Entered Level 5 of the Dungeon
  3527 | D:5      | Reached XP level 7. HP: 57/63 MP: 6/6
  3535 | D:5      | Noticed tornocean's ghost (novice HuBe)
  3550 | D:5      | Killed tornocean's ghost
  3550 | D:5      | Reached skill level 1 in Slings
  3550 | D:5      | Reached skill level 5 in Armour
  3565 | D:5      | Reached XP level 8. HP: 6/73 MP: 7/7
  3567 | D:5      | Slain by a centaur

Vault maps used:
D:1:      eino_arrival_cavern_a
D:2:      lemuel_doored_altar, ecumenical_altar_2, uniq_crazy_yiuf_cottage
D:3:      old_standard_altar, vehumet_crystals, first_bread, grunt_ministairs_6,
          minmay_misc_feat_roman, uniq_terence, uniq_natasha
D:4:      bloody_trog, led_sif_pool, grunt_qazlal_clouds
D:5:      minitemple, temple_green, roderic_greek_sauvastika, uniq_pikel

Skill      XL: |  1  2  3  4  5  6  7 |
---------------+----------------------+-----
Axes           | 4 5 6 7 |  7.0
Fighting       | 4 5 6 7 |  7.2
Armour         | 3 4 5 |  5.0
Dodging        | 3 4 |  4.5
Slings         | 2 |  2.0

Action                   |  1- 3 |  4- 6 |  7- 9 || total
-------------------------+-------+-------+-------++-------
Melee: Hand axe          |    36 |    16 |       ||    52
       Headbutt          |     8 |    29 |     5 ||    42
       War axe           |       |   152 |    21 ||   173
       Unarmed           |       |     4 |       ||     4
Invok: Berserk           |       |     1 |     1 ||     2
       Burn Spellbooks   |       |     1 |       ||     1
  Eat: Chunk             |     1 |     8 |       ||     9
Armor: Animal skin       |    10 |    15 |       ||    25
       Chain mail        |       |    52 |    20 ||    72
Dodge: Dodged            |    25 |    95 |    16 ||   136
